 Dungeon Crawl Stone Soup version 0.30.0-10-gfe55d96785 (webtiles) character file.

Game seed: 14858567184767388057

1397 Tirrikindir the Cudgeller (level 8, -2/50 HPs)
             Began as a Gargoyle Berserker on May 14, 2023.
             Was an Elder of Trog.
             Slain by a yak (9 damage)
             ... on level 5 of the Dungeon.
             The game lasted 00:16:27 (4617 turns).

Tirrikindir the Cudgeller (Gargoyle Berserker)      Turns: 4617, Time: 00:16:28

Health: -2/50      AC: 20    Str: 22    XL:     8   Next: 69%
Magic:  8/8        EV:  9    Int:  7    God:    Trog [****..]
Gold:   84         SH:  0    Dex: 11    Spells: 7/7 levels left

rFire   . . .        k - +0 flail
rCold   . . .        (no shield)
rNeg    + . .        w - +0 chain mail
rPois   ∞            a - +0 helmet
rElec   +            q - +0 cloak
rCorr   .            (no gloves)
SInv    .            B - +1 pair of boots
Will    .....        t - amulet of magic regeneration Stlth
                     c - ring of flight
HPRegen 0.28/turn    (no ring)
MPRegen 0.51/turn

%: no passive effects
@: on berserk cooldown, flying, slowed, very slow
A: sickness immunity, AC +5, negative energy resistance 1, electricity
resistance, torment resistance 1, petrification resistance
a: Renounce Religion, Berserk, Trog's Hand, Brothers in Arms


You were on level 5 of the Dungeon.
You worshipped Trog.
Trog was greatly pleased with you.
You visited 2 branches of the dungeon, and saw 6 of its levels.
You also visited: Sewer.

You collected 273 gold pieces.
You spent 189 gold pieces at shops.

Inventory:

Hand Weapons
 k - a +0 flail (weapon)
Missiles
 h - 17 poisoned darts (quivered)
Armour
 a - a +0 helmet (worn)
 q - a +0 cloak (worn)
 s - a scarf of invisibility
 w - a +0 chain mail (worn)
 B - a +1 pair of boots (worn)
Jewellery
 c - a ring of flight (left hand)
 t - an amulet of magic regeneration (around neck)
Wands
 r - a wand of mindburst (8)
 v - a wand of paralysis (2)
 x - a wand of acid (5)
Scrolls
 g - a scroll of fear
 i - 2 scrolls of teleportation
 j - 2 scrolls of enchant weapon
 n - 2 scrolls of immolation
 y - a scroll of vulnerability {unknown}
 A - a scroll of fog {unknown}
Potions
 b - a potion of heal wounds
 d - 2 potions of cancellation
 e - a potion of haste
 f - 5 potions of curing
 l - a potion of resistance
 m - a potion of invisibility {unknown}
 o - 2 potions of ambrosia {unknown}
 p - a potion of might {unknown}
 u - 2 potions of flight {unknown}
 z - 5 potions of mutation {unknown}


   Skills:
 + Level 5.5 Fighting
 * Level 6.5 Maces & Flails
 + Level 2.7 Throwing
 - Level 5.0 Armour
 + Level 3.7 Dodging
 + Level 2.8 Evocations


You had 7 spell levels left.
You didn't know any spells.
Your spell library was empty.

Dungeon Overview and Level Annotations

Branches:
Dungeon (5/15)             Temple (1/1) D:4           Sewer (visited)

Altars:
Cheibriados
Fedhas
Kikubaaqudgha
Makhleb
Nemelex Xobeh
Okawaru
Qazlal
Trog
Uskayaw
Wu Jian
Xom
The Shining One

Shops:
D:2 (   D:5 ?


Innate Abilities, Weirdness & Mutations

You are immune to sickness and miasma.
Your stone body is resilient. (AC +5)
You are immune to poison.
You resist negative energy. (rN+)
You are resistant to electric shocks. (rElec)
You are resistant to unholy torment.
You are immune to petrification.


Message History

The hound is heavily wounded.
The yak bellows!
The hound barely misses you.
You thump the hound!
You kill the hound!
Trog accepts your kill.
You are too berserk!
You are too berserk!
The yak closely misses you.
Things that are here:
a hound corpse; a yak corpse You feel a strong urge to attack something.
Things that are here:
a hound corpse; a yak corpse You sock the yak!
The yak is moderately wounded.
You hit the yak.
The yak is heavily wounded.
The yak gores you! The yak gores you.
The yak snorts and paws the ground.
The yak gores you but does no damage.
You are no longer berserk.
You are exhausted.
You feel yourself slow down. The yak gores you.
The yak gores you but does no damage. The yak closely misses you.
The yak gores you but does no damage. The yak closely misses you.
The yak gores you.
Things that are here:
a hound corpse; a yak corpse The yak attacks as you move away!
The yak gores you but does no damage.
You thump the yak!
The yak is severely wounded.
The yak gores you but does no damage. The yak gores you.
* * * LOW HITPOINT WARNING * * *
You hit the yak.
The yak is severely wounded.
The yak gores you!
* * * LOW HITPOINT WARNING * * *
The yak gores you!
You die...

....##~~~~~~#.###..,,,,,,*
##..##~########(...,,,,,,*
.....#~~~~~~~~~...**,,,,**
#.##.####~#~#~~..#,,,,,,,**
####...~~~~~.~..(,,,,,,,,,*
#.#...÷..~......###.#,,,,,**
..#............Y....#*,,,,,*
.....###.....##Y##....#,,,**
#.............##@#,,###****
#...#...#####...##*,*
#......##,_,##..# ***
#.......##+##...#
###............##
.......8.....8.#
.###.....8.8..##
.#...........##
....^.....####


You could see 2 yaks.

Vanquished Creatures
  A yak (D:5)
  5 phantoms
  2 kobold brigands (Sewer)
  A scorpion (D:4)
  A howler monkey (D:4)
  Crazy Yiuf (D:3)
  3 hounds
  An orc priest (D:5)
  2 iguanas
  A sleepcap (D:5)
  An orc wizard (D:5)
  14 adders
  9 gnolls
  3 river rats
  An ufetubus (D:5)
  3 worms (D:5)
  4 dart slugs
  6 orcs
  3 endoplasms
  4 giant cockroaches (D:4)
  11 goblins
  8 hobgoblins
  2 quokkas
  16 ball pythons
  2 bats (D:3)
  4 frilled lizards
  29 kobolds
  28 rats
166 creatures vanquished.

Notes
Turn   | Place    | Note
-------+----------+-------------------------------------------
     0 | D:1      | Tirrikindir the Gargoyle Berserker began the quest for the
                  | Orb.
     0 | D:1      | Reached XP level 1. HP: 14/14 MP: 1/1
     0 | D:1      | Noticed a minotaur skeleton
   151 | D:1      | Reached XP level 2. HP: 18/19 MP: 2/2
   716 | D:2      | Reached XP level 3. HP: 19/23 MP: 3/3
   964 | D:2      | Reached XP level 4. HP: 21/29 MP: 4/4
  1031 | D:2      | Found Pitty's Weapon Shop.
  1538 | D:3      | Found a runed translucent door.
  1539 | D:3      | Noticed Crazy Yiuf
  1548 | D:3      | Killed Crazy Yiuf
  1549 | D:3      | Reached skill level 4 in Maces & Flails
  1589 | D:3      | Found an ancient bone altar of Kikubaaqudgha.
  1635 | D:3      | Found a faded altar of an unknown god.
  1698 | D:3      | Reached ** piety under Trog
  1726 | D:3      | Reached XP level 5. HP: 21/33 MP: 5/5
  1908 | D:3      | Found a blossoming altar of Fedhas.
  2469 | D:4      | Reached XP level 6. HP: 38/38 MP: 6/6
  2473 | D:4      | Found a shimmering altar of Xom.
  2599 | D:4      | Found a stormy altar of Qazlal.
  2660 | D:4      | Found a hide-covered altar of Uskayaw.
  2671 | D:4      | Reached skill level 1 in Throwing
  2729 | D:4      | Reached skill level 5 in Maces & Flails
  2729 | D:4      | Reached skill level 1 in Evocations
  2826 | D:4      | Found a staircase to the Ecumenical Temple.
  2835 | Temple   | Entered the Ecumenical Temple
  2996 | D:4      | Reached XP level 7. HP: 44/44 MP: 7/7
  3296 | D:5      | Entered Level 5 of the Dungeon
  3380 | D:5      | Reached *** piety under Trog
  3427 | D:5      | Found a glowing drain.
  3435 | Sewer    | Entered a sewer
  3622 | Sewer    | Reached skill level 5 in Fighting
  3837 | Sewer    | Reached XP level 8. HP: 49/49 MP: 8/8
  3955 | Sewer    | Reached **** piety under Trog
  4159 | D:5      | Reached skill level 6 in Maces & Flails
  4251 | D:5      | Found Peuq Kyb's Magic Scroll Shoppe.
  4299 | D:5      | Bought a scroll of identify for 28 gold pieces
  4299 | D:5      | Bought a scroll of identify for 28 gold pieces
  4299 | D:5      | Bought a scroll of identify for 28 gold pieces
  4299 | D:5      | Bought a scroll of enchant weapon for 105 gold pieces
  4590 | D:5      | Noticed a yak
  4591 | D:5      | Noticed a yak
  4599 | D:5      | Noticed a yak
  4603 | D:5      | Killed a yak
  4604 | D:5      | Reached skill level 5 in Armour
  4605 | D:5      | Noticed a yak
  4617 | D:5      | Slain by a yak

Illustrated notes

Levels and vault maps discovered:
D:1:      shiori_arrival_whats_in_store_for_you, layout_loops_ring
D:2:      layout_basic, serial_rivers, chequers_serial_rivers_large_b,
          chequers_serial_rivers_micro_a, chequers_serial_rivers_small_b,
          chequers_serial_rivers_large_a, serial_shops, shop
D:3:      minmay_razor_zed, layout_rooms, amcnicky_altar_gilded,
          nicolae_kikubaaqudgha_miasma_corner,
          shapermc_ecumenical_altar_mp_urbaneastern, lexackson_kobold_supper,
          uniq_crazy_yiuf_cottage
D:4:      layout_basic, lemuel_doored_altar, nicolae_qazlal_general_emergency,
          mainiacjoe_overflow_concentric_impassable,
          minmay_temple_entry_poolview
D:5:      layout_cave_pools, zin_statuary, serial_shops, shop,
          lightli_sewer_entry_pipes
Temple:   nicolae_temple_ecumenical_triangle

Skill      XL: |  1  2  3  4  5  6  7  8 |
---------------+-------------------------+-----
Dodging        | 2 3 |  3.7
Fighting       | 4 5 |  5.5
Maces & Flails | 4 5 6 |  6.5
Armour         | 3 4 5 |  5.0
Throwing       | 1 2 |  2.7
Evocations     | 1 2 |  2.8

Action                     |  1- 3 |  4- 6 |  7- 9 || total
---------------------------+-------+-------+-------++-------
  Melee: Mace              |    65 |       |       ||    65
         Punch             |     1 |     3 |       ||     4
         Flail             |    13 |   213 |   322 ||   548
  Throw: Dart              |       |     3 |     8 ||    11
 Invoke: Berserk           |     1 |     3 |     7 ||    11
  Evoke: Wand              |       |       |     2 ||     2
    Use: Scroll            |     3 |     2 |     8 ||    13
         Potion            |       |     1 |     1 ||     2
 Armour: Ring mail         |    15 |       |       ||    15
         Scale mail        |    25 |   105 |       ||   130
         Chain mail        |       |    17 |   330 ||   347
  Dodge: Dodged            |    48 |   117 |   230 ||   395
